 Dungeon Crawl Stone Soup version 0.28.0-43-g3370ac3207 (webtiles) character file.

Game seed: 2133771375358242165

11 crimpus the Insei (level 2, 0/22 HPs)
             Began as a Demigod Transmuter on Mar 8, 2022.
             Slain by a kobold
             ... wielding a +0 whip
              (3 damage)
             ... on level 1 of the Dungeon.
             The game lasted 00:01:11 (642 turns).

crimpus the Insei (Demigod Transmuter)               Turns: 642, Time: 00:01:12

Health: 0/22       AC:  2    Str: 11    XL:     2   Next: 3%
Magic:  5/7        EV: 12    Int: 15    God:
Gold:   10         SH:  0    Dex: 14    Spells: 3/4 levels left

rFire   . . .      SeeInvis .     - Unarmed
rCold   . . .      Faith    .   (no shield)
rNeg    . . .      Spirit   .   a - +0 robe
rPois   .          Reflect  .   (helmet currently unavailable)
rElec   .          Harm     .   (no cloak)
rCorr   .          Rampage  .   (no gloves)
Will    .....                   (boots currently unavailable)
Stlth   +.........              (no amulet)
HPRegen 0.07/turn               (no ring)
MPRegen 0.10/turn               (no ring)

@: appendages (expiring)
A: horns 2, talons 2, high MP 1, forlorn, divine attributes
a: End Transformation


You were on level 1 of the Dungeon.
You had temporarily grown beastly horns and talons.
You visited 1 branch of the dungeon, and saw 1 of its levels.

You collected 10 gold pieces.

Inventory:

Armour
 a - a +0 robe (worn)
Potions
 b - a potion of brilliance {unknown}


   Skills:
 + Level 0.8 Fighting
 + Level 1.8 Dodging
 + Level 3.0 Unarmed Combat
 + Level 1.9 Spellcasting
 + Level 2.0 Transmutations


You had 3 spell levels left.
You knew the following spells:

 Your Spells              Type           Power      Damage    Failure   Level
a - Beastly Appendage     Tmut           14%        N/A       10%         1

Your spell library contained the following spells:

 Spells                   Type           Power      Damage    Failure   Level
 Wereblood                Tmut           7%         N/A       16%         2
 Spider Form              Tmut/Pois      4%         N/A       41%         3
 Gell's Gravitas          Tloc           1%         N/A       56%         3
 Inner Flame              Hex/Fire       1%         N/A       56%         3
 Teleport Other           Tloc           1%         N/A       56%         3
 Ice Form                 Ice/Tmut       4%         N/A       83%         4
 Cause Fear               Hex            0%         N/A       92%         4
 Summon Ice Beast         Ice/Summ       1%         N/A       92%         4
 Summon Mana Viper        Hex/Summ       1%         N/A       99%         5
 Dispersal                Tloc           0%         N/A       100%        6
 Monstrous Menagerie      Summ           0%         N/A       100%        7
 Discord                  Hex            0%         N/A       100%        8


Dungeon Overview and Level Annotations

Branches:
Dungeon (1/15)

Shops:
D:1 =((


Innate Abilities, Weirdness & Mutations

You have temporarily grown beastly horns and talons.
You have an increased reservoir of magic. (+10% MP)
You shall have no god before yourself.
Your divine heritage dramatically boosts your attributes as you level up.


Message History

You hit the bat but do no damage. Your kick misses the bat.
The bat barely misses you. The kobold barely misses you.
The bat hits you but does no damage. The endoplasm freezes you.
You are frozen.
You barely miss the kobold. Your kick misses the kobold.
The bat completely misses you. The kobold barely misses you.
The endoplasm jiggles.
The endoplasm freezes you.
You are frozen.
You barely miss the bat. You claw the bat.
You kill the bat!
The kobold hits you but does no damage. The endoplasm barely misses you.
The kobold throws a stone.
The stone barely misses you.
Your transformation is almost over.
You see here a bat corpse.
Casting: Beastly Appendage (safe; 11% risk of failure)
Confirm with . or Enter, or press ? or * to list all spells.
You extend your transformation's duration.
The endoplasm hits you but does no damage.
You hit the endoplasm.
You claw the endoplasm, but do no damage.
The endoplasm is heavily wounded.
The endoplasm freezes you.
You are frozen.
* * * LOW HITPOINT WARNING * * *
You hit the endoplasm but do no damage.
The endoplasm is heavily wounded.
The endoplasm barely misses you.
You hit the endoplasm. You claw the endoplasm.
You kill the endoplasm!
The kobold throws a stone.
The stone closely misses you.
Your Transmutations skill increases to level 2!
You have reached level 2!
The kobold hits you with a +0 whip.
* * * LOW HITPOINT WARNING * * *
You closely miss the kobold.
Your transformation is almost over.
The kobold hits you with a +0 whip.
You die...

.. . .># #. .####
#.# #.### ....
#.# #...## #..#
#.# ....# #..#
#.# #######..#
#..# #.#
.........####..#
###.##
.......∩.K@†...#
#....#
........######.##
#....# ........#
#..# #....#
[.......#
#..#####.##
...∩...## ##..#
#.# ......^ ##.#
#)# .######
####.####.#
#.........#
#.........#


You could see a kobold.

Vanquished Creatures
  2 endoplasms (D:1)
  2 hobgoblins (D:1)
  4 bats (D:1)
  A kobold (D:1)
  A rat (D:1)
10 creatures vanquished.

Notes
Turn   | Place    | Note
-------+----------+-------------------------------------------
     0 | D:1      | crimpus the Demigod Transmuter began the quest for the Orb.
     0 | D:1      | Reached XP level 1. HP: 15/15 MP: 5/5
    26 | D:1      | Found Soq Noeh's Weapon Shop.
   135 | D:1      | Reached skill level 3 in Unarmed Combat
   604 | D:1      | Found Foepsovo's Weapon Shoppe.
   624 | D:1      | Found Nestre's Jewellery Shoppe.
   641 | D:1      | Reached XP level 2. HP: 5/22 MP: 5/7
   642 | D:1      | Slain by a kobold

Illustrated notes

Levels and vault maps discovered:
D:1:      tarquinn_simple_flora_water_e, layout_basic, serial_shops,
          shop_statue, nicolae_shop_crystal, shop,
          nicolae_shop_bloodbath_and_beyond, shop, minmay_distorted

Skill      XL: |  1 |
---------------+----+-----
Unarmed Combat | 3 |  3.0
Transmutations | 2 |  2.0
Fighting       | |  0.8
Dodging        | |  1.8
Spellcasting   | |  1.9

Action                   || total
-------------------------++-------
Melee: Unarmed           ||    41
       Kick              ||     5
       Punch             ||     2
 Cast: Beastly Appendage ||     5
Armor: Robe              ||     8
Dodge: Dodged            ||    43
